 Dungeon Crawl Stone Soup version 0.21.1-1-g345015f (webtiles) character file.

70 letownia2 the Poker (level 4, 0/33 HPs)
             Began as a Merfolk Skald on Mar 13, 2018.
             Killed from afar by Sigmund (7 damage)
             ... with a puff of flame
             ... on level 3 of the Dungeon.
             The game lasted 00:03:54 (674 turns).

letownia2 the Poker (Merfolk Skald)                  Turns: 674, Time: 00:03:55

Health: 0/33       AC:  3    Str: 11    XL:     4   Next: 21%
Magic:  1/7        EV: 12    Int: 13    God:
Gold:   67         SH:  0    Dex: 13    Spells: 1/7 levels left

rFire    . . .     SeeInvis .   a - +0 spear
rCold    . . .     Gourm    .   (no shield)
rNeg     . . .     Faith    .   b - +0 leather armour
rPois    .         Spirit   .   (no helmet)
rElec    .         Reflect  .   (no cloak)
rCorr    .         Harm     .   (no gloves)
MR       .....                  (no boots)
Stlth    +.........             (no amulet)
HPRegen  0.11/turn              (no ring)
MPRegen  0.10/turn              (no ring)

@: confused, very slightly contaminated
A: change form in water, swift swim, stealthy swim
a: no special abilities


You were on level 3 of the Dungeon.
You were hungry.

You visited 1 branch of the dungeon, and saw 3 of its levels.

You collected 67 gold pieces.

Inventory:

Hand Weapons
 a - a +0 spear (weapon)
Missiles
 h - 6 javelins (quivered)
 j - 21 sling bullets
Armour
 b - a +0 leather armour (worn)
 f - a +0 scale mail
 q - a +0 ring mail
Scrolls
 e - 2 scrolls of identify {unknown}
 g - a scroll of blinking {unknown}
 k - 2 scrolls of remove curse {unknown}
 m - 2 scrolls of amnesia {unknown}
 n - a scroll of teleportation {unknown}
Potions
 i - a potion of brilliance {unknown}
 l - 2 potions of curing {unknown}
 o - a potion of resistance {unknown}
 p - a potion of flight {unknown}
Books
 c - a book of Battle

   Spells                             Type                      Level
   a - Infusion                       Charms                       1
   b - Shroud of Golubria             Charms/Translocation         2
   c - Song of Slaying                Charms                       2
   d - Spectral Weapon                Hexes/Charms                 3
   e - Regeneration                   Charms/Necromancy            3
Comestibles
 d - 3 rations


   Skills:
 - Level 2.1 Fighting
 - Level 4.0 Polearms
 - Level 0.6 Armour
 - Level 2.6 Dodging
 - Level 2.0 Spellcasting
 + Level 1.5 Hexes
 + Level 3.9 Charms
 - Level 1.4 Translocations


You had one spell level left.
You knew the following spells:

 Your Spells              Type           Power        Failure   Level  Hunger
a - Infusion              Chrm           ##..         7%          1    ##.....
t - Shroud of Golubria    Chrm/Tloc      #.........   17%         2    ###....
x - Spectral Weapon       Hex/Chrm       #.......     32%         3    ####...


Dungeon Overview and Level Annotations

Branches:
Dungeon (3/15)

Altars:

Annotations:
D:3 Sigmund


Message History

You feel sick.
You are no longer poisoned.
Found a naga barding.
h - 6 javelins (gained 1)
You see here 19 stones.
Sigmund the Dreaded comes into view.
He is wielding a scythe.
Sigmund shouts!
Sigmund casts a spell.
Sigmund flickers and vanishes!
Deactivating autopickup; reactivate with Ctrl-A.
A hobgoblin comes into view. It is wielding a club.
You are confused.
You see here 19 stones.
You're too confused to move!
Unknown command.
You're too confused to move!
The hobgoblin shouts!
A puff of flame appears from out of thin air!
The puff of flame hits you!
You die...

#.#.)....# ... .
.........# ..#.#
........## .g#.# #
#.####..# ...!.. #.
#..# ####..#.### #.
#..########........g.
# #........†(....(#
#...#######..##...#
#...# #@(# ### #...#
#..# #........[..>#
##..######.... #..#
#..### #..# #..# ....
.... ##.# ###.# ..


You could see a hobgoblin.

Vanquished Creatures
  3 adders
  An ooze (D:1)
  A dart slug (D:2)
  2 leopard geckos (D:1)
  An orc (D:3)
  A bat (D:1)
  A giant cockroach (D:2)
  2 goblins
  8 hobgoblins
  4 jackals (D:2)
  3 kobolds
  5 rats
32 creatures vanquished.

Notes
Turn   | Place    | Note
-------+----------+-------------------------------------------
     0 | D:1      | letownia2 the Merfolk Skald began the quest for the Orb.
     0 | D:1      | Reached XP level 1. HP: 16/16 MP: 3/3
   147 | D:1      | Reached skill level 4 in Polearms
   147 | D:1      | Reached XP level 2. HP: 15/22 MP: 0/5
   152 | D:1      | Learned a level 2 spell: Shroud of Golubria
   238 | D:2      | Reached skill level 1 in Translocations
   325 | D:1      | Reached XP level 3. HP: 10/27 MP: 3/6
   330 | D:1      | Learned a level 3 spell: Spectral Weapon
   490 | D:2      | Reached skill level 1 in Hexes
   593 | D:3      | Reached XP level 4. HP: 27/33 MP: 1/7
   668 | D:3      | Noticed Sigmund
   674 | D:3      | Killed from afar by Sigmund

Skill      XL: |  1  2  3 |
---------------+----------+-----
Polearms       | 4 |  4.0
Translocations | 1 |  1.4
Hexes          | 1 |  1.5
Fighting       | |  2.1
Armour         | |  0.6
Dodging        | |  2.6
Spellcasting   | |  2.0
Charms         | |  3.9

Action                   |  1- 3 |  4- 6 || total
-------------------------+-------+-------++-------
Melee: Spear             |    91 |    19 ||   110
Throw: Javelin           |     1 |     5 ||     6
 Cast: Infusion          |     3 |       ||     3
       Shroud of Golubri |    10 |     2 ||    12
       Spectral Weapon   |     2 |       ||     2
Armor: Leather armour    |    13 |     3 ||    16
Dodge: Dodged            |    31 |    13 ||    44
